 Dungeon Crawl Stone Soup version 0.25.0-26-g0c896c7088 (webtiles) character file.

Game seed: 5923557154357971915

720 Gatuga the Slasher (level 7, -8/61 HPs)
             Began as a Minotaur Fighter on July 1, 2020.
             Killed by divine providence
             ... invoked by an orc priest
              (13 damage)
             ... on level 6 of the Dungeon on July 2, 2020.
             The game lasted 00:43:14 (4581 turns).

Gatuga the Slasher (Minotaur Fighter)               Turns: 4581, Time: 00:43:14

Health: -8/61      AC: 13    Str: 22 (23) XL:     7   Next: 42%
Magic:  6/6        EV:  5    Int:  1 (5)  God:
Gold:   249        SH: 10    Dex:  7 (9)  Spells: 6/6 levels left

rFire    . . .     SeeInvis .   a - +1 long sword
rCold    . . .     Gourm    .   c - +0 kite shield
rNeg     . . .     Faith    .   e - +0 plate armour
rPois    .         Spirit   .   (helmet restricted)
rElec    .         Reflect  .   (no cloak)
rCorr    .         Harm     .   p - +0 pair of gloves
MR       +....                  (no boots)
Stlth    ..........             (no amulet)
HPRegen  0.00/turn              (no ring)
MPRegen  0.10/turn              (no ring)

@: no status effects
A: retaliatory headbutt, horns 2, deterioration 1, magic resistance 1, sense
surroundings 1, inhibited regeneration
a: no special abilities


You were on level 6 of the Dungeon.
You were not hungry.

You visited 1 branch of the dungeon, and saw 6 of its levels.

You collected 249 gold pieces.

Inventory:

Hand Weapons
 a - a +1 long sword (weapon)
 j - a +0 rapier
 k - a +2 whip of draining
Missiles
 l - 7 boomerangs (quivered)
Armour
 c - a +0 kite shield (worn)
 e - a +0 plate armour (worn)
 m - a scarf of harm
 p - a +0 pair of gloves (worn)
Jewellery
 i - an uncursed amulet of faith
Wands
 b - a wand of clouds (4)
 q - a wand of flame (21)
Scrolls
 g - 4 scrolls of identify
 n - 2 scrolls of remove curse
 o - a scroll of teleportation
Potions
 d - a potion of might
 h - a potion of mutation
 t - a potion of brilliance
Comestibles
 f - 6 rations


   Skills:
 + Level 5.5 Fighting
 + Level 6.4 Long Blades
 + Level 5.7 Armour
 + Level 0.8 Dodging
 + Level 5.8 Shields


You had 6 spell levels left.
You didn't know any spells.
Your spell library was empty.

Dungeon Overview and Level Annotations

Branches:
Dungeon (6/15)
 Temple: D:4-7

Altars:
Elyvilon
Makhleb
Trog
Yredelemnul


Innate Abilities, Weirdness & Mutations

You reflexively headbutt those who attack you in melee.
You have a pair of horns on your head.
Your body sometimes deteriorates upon taking damage.
You are resistant to hostile enchantments. (MR+)
You passively map a small area around you.
You do not regenerate when monsters are visible.


Message History

* * * LOW HITPOINT WARNING * * *
Your body deteriorates!
You feel clumsy.
Okay, then.
You feel better. You block the orc's attack.
Found a forked ivory wand.
You see here a wand of clouds (4).
b - a wand of clouds (4)
The orc hits you but does no damage.
You hear the hiss of a very distant avalanche of sand.
You hit the orc warrior. Your headbutt misses the orc warrior.
The orc warrior is moderately wounded.
You block the orc warrior's attack.
You hit the orc warrior. You headbutt the orc warrior.
The orc warrior is moderately wounded.
The orc warrior hits you with a +0 dire flail.
* * * LOW HITPOINT WARNING * * *
The orc priest begins to cast a cantrip, but forgets the words!
The orc priest mumbles some strange prayers to Beogh against you.
Beogh smites you!
You die...

### ### #.################
#.# #.)..............#
#.### #.##############.#
#.[.. #.# #.#######.###
#.# ### #......[..#
#.#######.################
#.........#.oo.o..o# ,,
#########.#@######.# , ,,
#######.#.# #.# ,,,,.
*,........#.# #o# .
######..#.# #.# **# #
#...#.# #o# #
#...#.....######o# # *
#..............#.# #
#.....#######.##.# #
#############.##o# #


You could see an orc warrior, an orc priest and 2 orcs.

Vanquished Creatures
  An orc warrior (D:6)
  An ogre (D:4)
  A phantom (D:4)
  A centaur (D:3)
  A howler monkey (D:6)
  2 hounds (D:5)
  3 orc wizards
  An orc priest (D:3)
  6 gnolls
  4 adders
  18 orcs
  9 bats
  A giant cockroach (D:2)
  5 goblins
  3 hobgoblins
  2 jackals (D:4)
  6 frilled lizards
  3 kobolds
  5 rats
73 creatures vanquished.

Notes
Turn   | Place    | Note
-------+----------+-------------------------------------------
     0 | D:1      | Gatuga the Minotaur Fighter began the quest for the Orb.
     0 | D:1      | Reached XP level 1. HP: 19/19 MP: 0/0
   598 | D:1      | Gained mutation: You do not regenerate when monsters are
                  | visible. [potion of mutation]
   598 | D:1      | Gained mutation: Your body sometimes deteriorates upon
                  | taking damage. [potion of mutation]
   598 | D:1      | Gained mutation: You passively map a small area around you.
                  | [potion of mutation]
   598 | D:1      | Gained mutation: You are resistant to hostile enchantments.
                  | (MR+) [potion of mutation]
   626 | D:1      | Reached XP level 2. HP: 25/27 MP: 1/1
  1390 | D:2      | Reached skill level 3 in Long Blades
  1390 | D:2      | Reached XP level 3. HP: 32/33 MP: 2/2
  2026 | D:3      | Noticed a centaur
  2037 | D:3      | Killed a centaur
  2037 | D:3      | Reached XP level 4. HP: 30/40 MP: 3/3
  2037 | D:3      | Reached XP level 5. HP: 35/46 MP: 4/4
  2089 | D:3      | Reached skill level 4 in Long Blades
  2266 | D:3      | Reached skill level 5 in Shields
  2769 | D:4      | Noticed an ogre
  2819 | D:4      | Noticed a phantom
  2894 | D:4      | Killed a phantom
  2894 | D:4      | Reached skill level 5 in Long Blades
  2894 | D:4      | Reached XP level 6. HP: 54/55 MP: 5/5
  2944 | D:4      | Found a basalt altar of Yredelemnul.
  2947 | D:4      | Found a bloodstained altar of Trog.
  3083 | D:4      | Reached skill level 5 in Fighting
  3083 | D:4      | Reached skill level 5 in Armour
  3295 | D:4      | Found a white marble altar of Elyvilon.
  3892 | D:5      | Entered Level 5 of the Dungeon
  4126 | D:5      | Reached skill level 6 in Long Blades
  4126 | D:5      | Reached XP level 7. HP: 59/61 MP: 6/6
  4284 | D:5      | Found a burning altar of Makhleb.
  4554 | D:6      | HP: 3/61 [orc priest/divine providence (10)]
  4581 | D:6      | Killed from afar by an orc priest

Illustrated notes

Levels and vault maps discovered:
D:1:      scummos_arrival_forest, layout_basic, minmay_tall_x
D:2:      layout_basic
D:3:      layout_rooms, first_ration
D:4:      layout_loops_ring, minitemple, portal_sewer_entry_d,
          mrwooster_statue_mirror, elyvilon_altar_5
D:5:      layout_rooms, makhleb_heckhound_becter
D:6:      layout_basic, grunt_temple_overflow_open, lemuel_doored_altar,
          nicolae_ossuary_entry_giza, uniq_prince_ribbit1,
          uniq_crazy_yiuf_cottage

Skill      XL: |  1  2  3  4  5  6 |
---------------+-------------------+-----
Fighting       | 4 5 |  5.5
Long Blades    | 3 5 6 |  6.4
Armour         | 4 5 |  5.7
Shields        | 4 5 |  5.8
Dodging        | |  0.8

Action                   |  1- 3 |  4- 6 |  7- 9 || total
-------------------------+-------+-------+-------++-------
Melee: Long sword        |    82 |   125 |    40 ||   247
       Headbutt          |    15 |    21 |     9 ||    45
  Use: Scroll            |     3 |     7 |     1 ||    11
       Potion            |     4 |     2 |     2 ||     8
  Eat: Ration            |     1 |     1 |       ||     2
       Chunk             |       |     5 |       ||     5
Armor: Scale mail        |    14 |       |       ||    14
       Plate armour      |    23 |    83 |    13 ||   119
Dodge: Dodged            |    19 |    20 |     5 ||    44
Block: Kite shield       |    49 |    56 |    17 ||   122
       Rpst.: Long sword |     4 |     9 |       ||    13
